 Dungeon Crawl Stone Soup version 0.25-a0-700-g7f8a797 (webtiles) character file.

Game seed: 17159636852753861699, levelgen mode: deterministic

32 BlueFish the Chucker (level 3, -2/31 HPs)
             Began as a Troll Hunter on Apr 3, 2020.
             Killed from afar by Natasha (4 damage)
             ... with a magic dart
             ... on level 2 of the Dungeon.
             The game lasted 00:02:27 (810 turns).

BlueFish the Chucker (Troll Hunter)                  Turns: 810, Time: 00:02:27

Health: -2/31      AC:  6    Str: 21    XL:     3   Next: 8%
Magic:  2/2        EV: 10    Int:  7    God:
Gold:   100        SH:  0    Dex: 10    Spells: 2/2 levels left

rFire    . . .     SeeInvis .   (no weapon)
rCold    . . .     Gourm    +   (no shield)
rNeg     . . .     Faith    .   b - +0 robe
rPois    .         Spirit   .   (helmet restricted)
rElec    .         Reflect  .   (no cloak)
rCorr    .         Harm     .   (gloves unavailable)
MR       .....                  (boots unavailable)
Stlth    +.........             (no amulet)
HPRegen  0.50/turn              (no ring)
MPRegen  0.08/turn              (no ring)

@: no status effects
A: large, unfitting armour, claws 3, blink, fast metabolism 3, frail 1,
gourmand, regeneration 1, shaggy fur 1, tough skin 3
a: Blink


You were on level 2 of the Dungeon.
You were completely stuffed.

You visited 1 branch of the dungeon, and saw 2 of its levels.

You collected 100 gold pieces.

Inventory:

Missiles
 c - 5 large rocks (quivered)
 d - 2 throwing nets
Armour
 b - a +0 robe (worn)
Scrolls
 a - 2 scrolls of immolation {unknown}
 g - a scroll of identify {unknown}
 j - a scroll of teleportation {unknown}
 l - a scroll of remove curse {unknown}
Potions
 e - a potion of mutation
 h - a potion of cancellation {unknown}
 i - 3 potions of curing {unknown}
Comestibles
 f - 5 rations
 k - a chunk of flesh


   Skills:
 * Level 1.9 Fighting
 + Level 4.1 Throwing
 + Level 1.8 Dodging
 + Level 0.3 Stealth
 + Level 0.7 Unarmed Combat


You had 2 spell levels left.
You didn't know any spells.
Your spell library was empty.

Dungeon Overview and Level Annotations

Branches:
Dungeon (2/15)

Altars:

Annotations:
D:2 Natasha


Innate Abilities, Weirdness & Mutations

You are too large for most types of armour.
You have claws for hands.
Your metabolism is lightning-fast.
You like to eat raw meat.
Your natural rate of healing is unusually fast.
You are covered in fur. (AC +1)
You have extremely tough skin. (AC +3)
You can translocate small distances at will.
You are frail. (-10% HP)


Message History

You barely miss Natasha.
Natasha is severely wounded.
Natasha barely misses you. The shadow imp hits you.
You closely miss Natasha.
Natasha is severely wounded.
Natasha barely misses you.
You scratch Natasha.
Natasha is severely wounded.
The shadow imp hits you.
* * * LOW HITPOINT WARNING * * *
Natasha wildly gestures.
Natasha shimmers violently.
Natasha claws you!
* * * LOW HITPOINT WARNING * * *
It was a potion of mutation.
You feel extremely strange.
You feel agile.
You feel clumsy.
You feel frail.
You feel jittery. The shadow imp closely misses you.
Natasha casts a spell at you. The magic dart hits you.
You die...

# #.# ## #.# .## #.#
#.## #.# #####
##.####.###..(#
##......)....#
##.##.....#...#
#.####...###.#########
.## ##.## #...5@h...#
## #.# #########.# #
#.# ##+## ##...##
##.....## ##.......##
##.
###.........####....#
..'..)......'<.......


You could see Natasha and a shadow imp.

Vanquished Creatures
  A gnoll (D:1)
  A bat (D:1)
  A giant cockroach (D:1)
  3 goblins
  5 hobgoblins
  3 kobolds
  A ball python (D:1)
  2 frilled lizards (D:1)
  5 rats (D:1)
22 creatures vanquished.

Notes
Turn   | Place    | Note
-------+----------+-------------------------------------------
     0 | D:1      | BlueFish the Troll Hunter began the quest for the Orb.
     0 | D:1      | Reached XP level 1. HP: 19/19 MP: 0/0
   133 | D:1      | Reached XP level 2. HP: 28/28 MP: 1/1
   143 | D:1      | Reached skill level 4 in Throwing
   638 | D:1      | Reached XP level 3. HP: 28/35 MP: 2/2
   795 | D:2      | Noticed Natasha
   809 | D:2      | HP: 1/35 [Natasha (9)]
   810 | D:2      | Gained mutation: You are agile. (Dex +2) [potion of
                  | mutation]
   810 | D:2      | Lost mutation: You are agile. (Dex +2) [potion of mutation]
   810 | D:2      | Gained mutation: You are frail. (-10% HP) [potion of
                  | mutation]
   810 | D:2      | Gained mutation: You can translocate small distances at
                  | will. [potion of mutation]
   810 | D:2      | Killed from afar by Natasha

Levels and vault maps discovered:
D:1:      dpeg_arrival_rhombus, layout_loops_ring
D:2:      layout_loops_corners, lemuel_doored_altar, first_ration, uniq_natasha

Skill      XL: |  1  2 |
---------------+-------+-----
Throwing       | 4 |  4.1
Fighting       | |  1.9
Dodging        | |  1.8
Stealth        | |  0.3
Unarmed Combat | |  0.7

Action                   || total
-------------------------++-------
Melee: Unarmed           ||    82
       Short sword       ||     5
  Use: Potion            ||     1
  Eat: Chunk             ||    13
Armor: Robe              ||    29
Dodge: Dodged            ||    41

Table legend:
 A = Non-vault XP
 B = Vault XP
 C = Vault XP percentage of total XP
 D = Non-vault monster count
 E = Vault monster count
 F = Vault count percentage of total count
                 A         B        C        D         E       F
            +---------+---------+-------+---------+---------+-------
      Total |      46 |       0 |   0.0 |      22 |       0 |   0.0
            +---------+---------+-------+---------+---------+-------
        D:1 |      42 |       0 |   0.0 |      19 |       0 |   0.0
        D:2 |       4 |       0 |   0.0 |       3 |       0 |   0.0
            +---------+---------+-------+---------+---------+-------
